 Dungeon Crawl Stone Soup version 0.18.1-48-g4cf74bf (webtiles) character file.

16933 sudo the Fencer (level 12, -9/82 HPs)
             Began as a High Elf Gladiator on June 28, 2016.
             Was a High Priest of Okawaru.
             Mangled by a fire crab (shapeshifter) (13 damage)
             ... on level 12 of the Dungeon.
             The game lasted 00:26:32 (18887 turns).

sudo the Fencer (High Elf Gladiator)               Turns: 18887, Time: 00:26:34

Health: -9/82      AC: 19    Str: 18    XL:     12   Next: 14%
Magic:  0/16       EV: 14    Int: 13    God:    Okawaru [*****.]
Gold:   395        SH:  0    Dex: 19    Spells: 1 memorised, 9 levels left

rFire  . . .     SeeInvis .     E - +6 great sword
rCold  + . .     Gourm    .     L - +1 chain mail of the Lotus Blossom {rC+ Stlth+}
rNeg   . . .     Faith    .     (shield currently unavailable)
rPois  .         Spirit   +     c - +0 helmet
rElec  .         Dismiss  .     D - +0 cloak
rCorr  .         Reflect  .     m - +1 pair of gloves
SustAt .         Harm     .     K - +1 pair of boots
MR     +....     Rnd*Rage +     w - amulet of guardian spirit
Stlth  ..........               (no ring)
                                (no ring)

@: somewhat resistant to hostile enchantments, extremely unstealthy
A: hooves 1, thin skeletal structure 1, berserk 1
a: Heroism, Finesse, Renounce Religion


You were on level 12 of the Dungeon.
You worshipped Okawaru.
Okawaru was extremely pleased with you.
You were hungry.

You visited 2 branches of the dungeon, and saw 13 of its levels.
You also visited: Sewer.

You collected 905 gold pieces.
You spent 510 gold pieces at shops.

Inventory:

Hand Weapons
 l - a +2 long sword of slicing
 E - a +6 great sword (weapon)
 M - a +2 scimitar
Missiles
 d - 4 throwing nets (quivered)
Armour
 a - a +4 scale mail
 c - a +0 helmet (worn)
 m - a +1 pair of gloves (worn)
 D - a +0 cloak (worn)
 K - a +1 pair of boots (worn)
 L - the +1 chain mail of the Lotus Blossom (worn) {rC+ Stlth+}
   (You found it on level 10 of the Dungeon)

   It protects you from cold.
   It makes you more stealthy.
Jewellery
 j - an uncursed ring of ice
 w - an amulet of guardian spirit (around neck)
 G - an uncursed amulet of the gourmand
Wands
 g - a wand of iceblast (8/15)
 i - a wand of lightning (11/15)
 s - a wand of flame (29/48)
 B - a wand of acid (5/15)
 F - a wand of flame (20/48)
 J - a wand of disintegration (9/24)
 N - a wand of slowing (27/48)
Scrolls
 b - a scroll of fog
 h - 8 scrolls of remove curse
 o - a scroll of blinking
 x - 2 scrolls of amnesia
 y - a scroll of fear
 I - 2 scrolls of identify
Potions
 k - 2 potions of heal wounds
 n - 4 potions of brilliance
 r - a potion of cure mutation
 t - 2 potions of flight
 v - 2 potions of lignification
 z - 7 potions of curing
 H - 7 potions of degeneration
 O - a potion of agility
Books
 e - a book of Spatial Translocations

   Spells                             Type                      Level
   a - Apportation                    Translocation                1
   b - Blink                          Translocation                2
   c - Shroud of Golubria             Charms/Translocation         2
   d - Portal Projectile              Translocation                3
   e - Teleport Other                 Translocation                3
   f - Passage of Golubria            Translocation                4
 A - a book of Debilitation

   Spells                             Type                      Level
   a - Corona                         Hexes                        1
   b - Slow                           Hexes                        2
   c - Gell's Gravitas                Hexes/Translocation          3
   d - Inner Flame                    Hexes/Fire                   3
   e - Cause Fear                     Hexes                        4
   f - Leda's Liquefaction            Hexes/Earth                  4
Miscellaneous
 q - a lamp of fire (inert)
Comestibles
 f - 9 slices of pizza
 p - 18 fruits
 u - 3 bread rations
 C - 2 meat rations


   Skills:
 + Level 7.9 Fighting
 * Level 15.4 Long Blades
 - Level 2.0 Throwing
 + Level 7.8 Armour
 + Level 10.2 Dodging
 * Level 4.4 Invocations


You had 9 spell levels left.
You knew the following spells:

 Your Spells              Type           Power        Failure   Level  Hunger
a - Blink                 Tloc           N/A          100%        2    ###....


Dungeon Overview and Level Annotations

Branches:
Dungeon (12/15)            Temple (1/1) D:7            Lair (0/8) D:11
    Orc (0/2) D:11

Altars:
Ashenzari
Cheibriados
Dithmenos
Elyvilon
Fedhas
Gozag
Kikubaaqudgha
Makhleb
Nemelex Xobeh
Okawaru
Pakellas
Qazlal
Ru
Sif Muna
Trog
Vehumet
Xom
Yredelemnul
Zin
The Shining One
Beogh

Shops:
D:4 !

Annotations:
D:11 exclusion: 2 doors


Innate Abilities, Weirdness & Mutations

You have large cloven feet.
You have a somewhat thin skeletal structure (Dex +2, Stealth).
You tend to lose your temper in combat.


Message History

You slice the fire crab!!
The fire crab is heavily wounded.
You are engulfed in roaring flames.
The fire crab closely misses you.
The fire crab claws you but does no damage.
You slash the fire crab!
The fire crab is almost dead.
You are engulfed in roaring flames.
The fire crab barely misses you. The fire crab claws you!
* * * LOW HITPOINT WARNING * * *
You are engulfed in flames!
* * * LOW HITPOINT WARNING * * *
Drink which item? (? for menu, Esc to quit)
You feel much better. The fire crab bites you!
* * * LOW HITPOINT WARNING * * *
You are engulfed in flames!
* * * LOW HITPOINT WARNING * * *
The fire crab claws you!
* * * LOW HITPOINT WARNING * * *
You are engulfed in flames!
You die...

#.. (.. #$#
#.# #.# #.#
#####t######
#.....@....#
#>.........#
#..........#
#..........#
#..........#
#..<.......#
#..........#
#..........#
#....[.....#


You could see a fire crab.

Vanquished Creatures
  Erolcha (D:11)
  The ghost of nikopol the Fighter, a novice MiBe of Trog (D:8)
  2 centaur warriors
  3 unseen horrors (D:11)
  4 hill giants
  A centaur zombie (D:11)
  A komodo dragon (D:11)
  A two-headed ogre (D:9)
  2 trolls
  A wyvern (D:10)
  A human (D:8)
  5 yaks (D:9)
  3 hippogriffs
  A hungry ghost (D:9)
  Menkaure (D:6)
  A soldier ant (D:10)
  The ghost of raph the Firebug, an amateur DEFE (D:4)
  A swamp drake (D:11)
  2 hell hounds (D:11)
  A wasp (D:8)
  A black bear (D:8)
  3 sky beasts
  10 orc warriors
  An eye of draining (D:9)
  2 phantoms
  9 ogres
  2 necrophages (D:10)
  7 centaurs
  The ghost of sudo the Slasher, an amateur HEGl (D:3)
  A crocodile (D:10)
  3 giant frogs
  3 big kobolds
  A gnoll sergeant (D:9)
  A scorpion (D:11)
  A water moccasin skeleton (D:4)
  2 killer bees (D:10)
  9 wights
  6 howler monkeys
  An electric eel (D:10)
  10 crimson imps
  A wasp zombie (D:11)
  2 giant frog zombies
  A quasit (D:11)
  2 hounds
  5 jellies
  A centaur skeleton (D:9)
  3 gnoll shamans
  14 orc priests
  Terence (D:2)
  26 orc wizards
  Ijyb (D:2)
  3 iguanas
  3 worker ants
  4 sheep (D:8)
  A killer bee zombie (D:8)
  A hound skeleton (D:6)
  A worker ant zombie (D:7)
  18 gnolls
  11 adders
  4 river rats (Sewer)
  2 shadow imps (D:6)
  3 oozes
  An adder zombie (D:9)
  2 worms
  A dart slug (D:3)
  2 giant geckos
  71 orcs
  6 giant cockroaches
  35 goblins
  42 hobgoblins
  4 jackals
  2 quokkas
  7 ball pythons
  7 bats
  2 giant newts
  34 kobolds
  A quokka skeleton (D:4)
  32 rats
  A fungus (D:1)
466 creatures vanquished.

Vanquished Creatures (others)
  An orc wizard (D:4)
  2 orcs
  A hobgoblin (D:4)
4 creatures vanquished.

Grand Total: 470 creatures vanquished

Notes
Turn   | Place    | Note
--------------------------------------------------------------
     0 | D:1      | sudo the High Elf Gladiator began the quest for the Orb.
     0 | D:1      | Reached XP level 1. HP: 14/14 MP: 2/2
    98 | D:1      | Reached skill level 4 in Long Blades
   330 | D:1      | Reached XP level 2. HP: 16/19 MP: 3/3
  1068 | D:1      | Reached XP level 3. HP: 21/24 MP: 4/4
  1311 | D:2      | Noticed Ijyb
  1326 | D:2      | Killed Ijyb
  1326 | D:2      | Reached skill level 5 in Long Blades
  1401 | D:2      | Found a glowing silver altar of Zin.
  1461 | D:2      | Reached XP level 4. HP: 29/29 MP: 5/5
  1561 | D:2      | Noticed Terence
  1572 | D:2      | Killed Terence
  1945 | D:3      | Reached skill level 1 in Armour
  1945 | D:3      | Reached XP level 5. HP: 33/35 MP: 6/6
  2138 | D:3      | Found a roughly hewn altar of Beogh.
  2162 | D:3      | HP: 1/35 [orc wizard/magic dart (4)]
  2179 | D:3      | Reached skill level 6 in Long Blades
  2882 | D:3      | Noticed sudo's ghost (amateur HEGl)
  3433 | D:4      | Reached XP level 6. HP: 37/41 MP: 7/7
  3584 | D:4      | Noticed raph's ghost (amateur DEFE)
  3595 | D:4      | Killed raph's ghost
  3677 | D:4      | Reached skill level 7 in Long Blades
  4106 | D:3      | Reached XP level 7. HP: 44/46 MP: 8/8
  4508 | D:3      | Killed sudo's ghost
  4805 | D:4      | Reached skill level 5 in Dodging
  4896 | D:4      | Found Yvvaruj's Distillery.
  4900 | D:4      | Bought 2 potions of heal wounds for 120 gold pieces
  5892 | D:4      | Reached skill level 8 in Long Blades
  5953 | D:4      | Reached XP level 8. HP: 52/52 MP: 9/9
  6089 | D:4      | Bought 2 potions of heal wounds for 120 gold pieces
  6089 | D:4      | Bought a potion of might for 48 gold pieces
  6104 | D:5      | Entered Level 5 of the Dungeon
  6284 | D:5      | Found a shattered altar of Ashenzari.
  6844 | D:5      | Noticed a centaur warrior
  6864 | D:5      | Killed a centaur warrior
  6864 | D:5      | Reached skill level 9 in Long Blades
  6864 | D:5      | Reached XP level 9. HP: 20/59 MP: 10/10
  7647 | D:6      | Found a glowing drain.
  7681 | D:6      | Reached skill level 10 in Long Blades
  7684 | Sewer    | Entered a sewer
  8012 | Sewer    | Reached skill level 5 in Fighting
  8460 | D:6      | Found a bloodstained altar of Trog.
  8737 | D:6      | Noticed Menkaure
  8745 | D:6      | Killed Menkaure
  8745 | D:6      | Reached skill level 5 in Armour
  9414 | D:4      | Bought a potion of agility for 48 gold pieces
  9414 | D:4      | Bought a potion of mutation for 30 gold pieces
  9414 | D:4      | Bought a potion of lignification for 36 gold pieces
  9414 | D:4      | Bought a potion of lignification for 36 gold pieces
  9414 | D:4      | Bought a potion of curing for 36 gold pieces
  9414 | D:4      | Bought a potion of curing for 36 gold pieces
  9471 | D:7      | Gained mutation: You have large cloven feet. [potion of mutation]
  9471 | D:7      | Gained mutation: You tend to lose your temper in combat. [potion of mutation]
  9471 | D:7      | Gained mutation: You have a somewhat thin skeletal structure (Dex +2, Stealth). [potion of mutation]
  9545 | D:7      | Reached skill level 11 in Long Blades
  9782 | D:7      | Found a staircase to the Ecumenical Temple.
  9824 | Temple   | Entered the Ecumenical Temple
  9898 | Temple   | Became a worshipper of Warmaster Okawaru
  9980 | D:7      | Found a white marble altar of Elyvilon.
 10945 | D:8      | Reached XP level 10. HP: 58/68 MP: 8/11
 10945 | D:8      | Paralysed by a wasp for 3 turns
 11404 | D:8      | Noticed nikopol's ghost (novice MiBe)
 11405 | D:8      | Reached skill level 12 in Long Blades
 11421 | D:8      | Reached * piety under Okawaru
 11506 | D:8      | Killed nikopol's ghost
 11957 | D:9      | Learned a level 2 spell: Blink
 12131 | D:9      | Found a snail-covered altar of Cheibriados.
 12425 | D:9      | Reached ** piety under Okawaru
 12597 | D:9      | Reached skill level 13 in Long Blades
 12900 | D:9      | Noticed a centaur warrior
 12909 | D:9      | Killed a centaur warrior
 12909 | D:9      | Reached *** piety under Okawaru
 12909 | D:9      | Reached XP level 11. HP: 57/74 MP: 9/12
 13262 | D:9      | Reached skill level 14 in Long Blades
 13606 | D:10     | Entered Level 10 of the Dungeon
 13634 | D:10     | Got a twisted chain mail
 13645 | D:10     | Identified the cursed +1 chain mail of the Lotus Blossom {rC+ Stlth+} (You found it on level 10 of the Dungeon)
 14318 | D:10     | Reached skill level 1 in Invocations
 14384 | D:10     | Reached **** piety under Okawaru
 14658 | D:11     | Killed an unseen horror
 15168 | D:11     | Killed an unseen horror
 15168 | D:11     | Received a gift from Okawaru
 15695 | D:11     | Found a staircase to the Orcish Mines.
 15812 | D:11     | Noticed an eight-headed hydra
 16434 | D:10     | Reached skill level 10 in Dodging
 16627 | D:11     | Found a staircase to the Lair.
 16958 | D:11     | Killed an unseen horror
 17067 | D:11     | Noticed a hill giant
 17067 | D:11     | Noticed Erolcha
 17084 | D:11     | Killed Erolcha
 17084 | D:11     | Reached ***** piety under Okawaru
 17084 | D:11     | Reached skill level 15 in Long Blades
 17088 | D:11     | Killed a hill giant
 17234 | D:11     | Noticed a hill giant
 17242 | D:11     | Killed a hill giant
 17242 | D:11     | Received a gift from Okawaru
 17602 | D:11     | Reached XP level 12. HP: 82/82 MP: 15/15
 18887 | D:12     | HP: 4/82 [fire crab (shapeshifter) (7)]
 18887 | D:12     | Mangled by a fire crab (shapeshifter)

Skill      XL: |  1  2  3  4  5  6  7  8  9 10 11 12 |
---------------+-------------------------------------+-----
Long Blades    | 4 5 6 7 8 9 11 13 15 | 15.4
Dodging        | 4 6 7 8 9 10 | 10.2
Armour         | 1 2 3 4 5 6 7 |  7.8
Fighting       | 3 4 5 6 7 |  7.9
Invocations    | 3 4 |  4.4
Throwing       | |  2.0

Action                   |  1- 3 |  4- 6 |  7- 9 | 10-12 || total
-------------------------+-------+-------+-------+-------++-------
Melee: Long sword        |   116 |    15 |       |    44 ||   175
       Falchion          |       |   189 |   691 |    47 ||   927
       Kick              |       |       |    51 |   120 ||   171
       Great sword       |       |       |    43 |   597 ||   640
Invok: Heroism           |       |       |       |     2 ||     2
Evoke: Lamp of fire      |       |       |       |     1 ||     1
  Use: Potion            |       |     8 |    10 |     8 ||    26
       Scroll            |       |       |    16 |    15 ||    31
  Eat: Chunk             |     1 |     2 |     2 |    14 ||    19
       Bread ration      |       |     2 |     2 |     1 ||     5
       Fruit             |       |       |     1 |       ||     1
       Meat ration       |       |       |     2 |       ||     2
       Beef jerky        |       |       |       |     5 ||     5
       Royal jelly       |       |       |       |     1 ||     1
       Pizza             |       |       |       |     1 ||     1
Armor: Leather armour    |    29 |       |       |       ||    29
       Ring mail         |     6 |       |       |       ||     6
       Scale mail        |     4 |   104 |   254 |   140 ||   502
       Skin              |       |       |   133 |       ||   133
       Chain mail        |       |       |     2 |   315 ||   317
Dodge: Dodged            |    80 |   119 |   484 |   608 ||  1291
